 Dungeon Crawl Stone Soup version 0.29.1-12-g30fa7ad0bf (webtiles) character file.

Game seed: 2795382993832483363

189 yafkata the Chopper (level 5, -2/48 HPs)
             Began as a Minotaur Berserker on Dec 26, 2022.
             Was a Priest of Trog.
             Slain by a bullfrog (5 damage)
             ... in a sewer.
             The game lasted 00:03:47 (3849 turns).

yafkata the Chopper (Minotaur Berserker)            Turns: 3849, Time: 00:03:48

Health: -2/48      AC:  2    Str: 22    XL:     5   Next: 40%
Magic:  4/4        EV: 12    Int:  4    God:    Trog [***...]
Gold:   96         SH:  0    Dex: 11    Spells: 4/4 levels left

rFire   . . .      SeeInvis .   a - +0 hand axe
rCold   . . .      Faith    .   (no shield)
rNeg    . . .      Spirit   .   b - +0 animal skin
rPois   .          Reflect  .   (helmet restricted)
rElec   .          Harm     .   (no cloak)
rCorr   .          Rampage  .   (no gloves)
Will    .....                   (no boots)
Stlth   +.........              (no amulet)
HPRegen 0.16/turn               (no ring)
MPRegen 0.09/turn               (no ring)

@: mighty, lethally poisoned (-2 -> -7), on berserk cooldown
A: horns 2, retaliatory headbutt
a: Renounce Religion, Berserk, Trog's Hand


You were in a sewer.
You worshipped Trog.
Trog was most pleased with you.
You visited 1 branch of the dungeon, and saw 3 of its levels.
You also visited: Sewer.

You collected 96 gold pieces.

Inventory:

Hand Weapons
 a - a +0 hand axe (weapon)
Armour
 b - a +0 animal skin (worn)
Jewellery
 c - a ring of poison resistance
Scrolls
 d - a scroll of noise {unknown}
 e - a scroll of blinking {unknown}
 f - 3 scrolls of summoning {unknown}
 g - 2 scrolls of immolation {unknown}
 h - a scroll of amnesia {unknown}
 i - 2 scrolls of fear {unknown}
 k - 3 scrolls of teleportation {unknown}
 l - 4 scrolls of identify {unknown}
 t - a scroll of enchant weapon {unknown}
Potions
 j - a potion of berserk rage {unknown}
 m - a potion of heal wounds {unknown}
 n - a potion of might
 o - a potion of degeneration {unknown}
 p - a potion of resistance {unknown}
 q - a potion of haste {unknown}
 r - a potion of flight {unknown}
 s - a potion of attraction {unknown}


   Skills:
 + Level 5.1 Fighting
 + Level 6.0 Axes
 + Level 2.8 Armour
 - Level 2.2 Dodging
 + Level 1.1 Stealth


You had 4 spell levels left.
You didn't know any spells.
Your spell library was empty.

Dungeon Overview and Level Annotations

Branches:
Dungeon (3/15)              Sewer (1/1)

Altars:


Innate Abilities, Weirdness & Mutations

You have a pair of horns on your head.
You reflexively headbutt those who attack you in melee.


Message History

You are more poisoned.
The adder poisons you!
You feel very sick. The adder barely misses you.
An adder comes into view.
The adder barely misses you. The adder bites you.
The adder moves out of view.
The adder attacks as you move away! The adder bites you.
You feel very sick.
The adder hisses angrily.
The bullfrog hits you! The adder misses you. The ball python bites you.
The ball python grabs you. The ball python constricts you.
The bullfrog barely misses you. The adder bites you.
You are more poisoned.
The adder poisons you!
You're still recovering from your berserk rage.
You are too injured to fight recklessly!
You hit the bullfrog. Your headbutt misses the bullfrog.
The bullfrog is lightly wounded.
You hit the adder.
You kill the adder!
Trog accepts your kill.
You completely miss the ball python. x2; You feel sick.
The ball python bites you. The ball python constricts you.
* * * LOW HITPOINT WARNING * * *
The bullfrog hits you.
* * * LOW HITPOINT WARNING * * *
The ball python bites you but does no damage.
The bullfrog closely misses you.
Your Axes skill increases to level 6!
It was a potion of might.
You feel very mighty all of a sudden.
You feel sick.
The adder hisses angrily.
You hear an angry hiss.
The bullfrog hits you.
* * * LOW HITPOINT WARNING * * *
The ball python loses its grip on you. The bullfrog closely misses you.
The ball python bites you.
* * * LOW HITPOINT WARNING * * *
The ball python barely misses you. The bullfrog hits you.
You die...

......
#.....
##~.S~##
#..~..
#~~~≈≈≈#
#~~≈≈~
#≈≈~~~~#
#~~~≈≈
#≈~≈S~≈#
#≈~≈≈≈
#≈S~~≈≈#
#~≈~≈≈
#SSr≈≈≈#
#≈~~~~
#SF#≈≈≈#
#≈≈~~~
#~@F≈≈≈#
#≈≈~~~
#≈.S≈≈≈#
#≈~..~
#~~≈≈≈≈#
#≈..)~
#≈≈~~≈≈#
##~~.~
#≈≈~≈~≈#
#~~~≈≈
#≈≈~~~≈#
#~≈≈≈≈
#≈~~~~≈#
#~~~~≈
#≈≈≈~~≈#
#≈≈~~~
#≈~~~~~#####
#≈≈~~~


You could see 2 bullfrogs, 4 adders, 3 ball pythons and a rat.

Vanquished Creatures
  An orc wizard (D:3)
  4 adders
  4 river rats (Sewer)
  2 worms (D:3)
  2 dart slugs
  2 orcs (D:3)
  10 ball pythons
  6 endoplasms
  5 giant cockroaches
  3 hobgoblins
  2 jackals (D:1)
  4 quokkas
  8 bats
  4 frilled lizards
  3 goblins
  6 kobolds
  30 rats
96 creatures vanquished.

Notes
Turn   | Place    | Note
-------+----------+-------------------------------------------
     0 | D:1      | yafkata the Minotaur Berserker began the quest for the Orb.
     0 | D:1      | Reached XP level 1. HP: 19/19 MP: 0/0
   379 | D:1      | Reached XP level 2. HP: 27/27 MP: 1/1
   471 | D:1      | Reached skill level 4 in Axes
   741 | D:1      | Reached ** piety under Trog
  1035 | D:2      | Reached XP level 3. HP: 29/34 MP: 2/2
  1764 | D:2      | Found a faded altar of an unknown god.
  2022 | D:3      | Reached XP level 4. HP: 4/41 MP: 3/3
  2421 | D:3      | Found a glowing drain.
  2442 | D:3      | Reached skill level 5 in Axes
  2458 | Sewer    | Entered a sewer
  2770 | Sewer    | Reached *** piety under Trog
  2775 | Sewer    | Reached skill level 5 in Fighting
  2775 | Sewer    | Reached skill level 1 in Stealth
  2801 | Sewer    | HP: 2/42 [rat (1)]
  3311 | Sewer    | Reached XP level 5. HP: 45/48 MP: 4/4
  3849 | Sewer    | Reached skill level 6 in Axes
  3849 | Sewer    | Slain by a bullfrog

Illustrated notes

Levels and vault maps discovered:
D:1:      wheals_arrival_shading, layout_loops_ring
D:2:      layout_rooms, hellmonk_ecumenical_altar_crossroads,
          minmay_misc_feat_enclosed
D:3:      gammafunk_steamed_eel, layout_loops_ring,
          grunt_temple_overflow_bloody_war, cheibrodos_sewer_entry_bend
Sewer:    sewer_minmay_w

Skill      XL: |  1  2  3  4  5 |
---------------+----------------+-----
Fighting       | 4 5 |  5.1
Axes           | 4 5 6 |  6.0
Stealth        | 1 |  1.1
Armour         | |  2.8
Dodging        | |  2.2

Action                   |  1- 3 |  4- 6 || total
-------------------------+-------+-------++-------
Melee: Hand axe          |   120 |    77 ||   197
       Headbutt          |    14 |     7 ||    21
       Punch             |     1 |     1 ||     2
Invok: Berserk           |     1 |     2 ||     3
  Use: Potion            |       |     1 ||     1
 Stab: Sleeping          |     2 |       ||     2
Armor: Animal skin       |    40 |     8 ||    48
Dodge: Dodged            |    73 |    60 ||   133
